 Dungeon Crawl Stone Soup version 0.21.1-1-g345015f (webtiles) character file.

643 inc the Shield-Bearer (level 7, -8/41 HPs)
             Began as an Octopode Ice Elementalist on Mar 16, 2018.
             Was an Initiate of Gozag.
             Mangled by a gnoll
             ... wielding a +0 halberd
              (21 damage)
             ... on level 3 of the Dungeon.
             The game lasted 00:11:05 (4781 turns).

inc the Shield-Bearer (Octopode Ice Elementalist)   Turns: 4781, Time: 00:11:06

Health: -8/41      AC:  3    Str:  7      XL:     7   Next: 51%
Magic:  8/13       EV: 19    Int: 18 (19) God:    Gozag
Gold:   344        SH:  5    Dex: 13      Spells: 11/15 levels left

rFire    + . .     SeeInvis .     - Unarmed
rCold    + + .     Gourm    .   n - +0 buckler
rNeg     . . .     Faith    .   (helmet restricted)
rPois    +         Spirit   .   (no amulet)
rElec    +         Reflect  .   k - +5 ring of evasion
rCorr    +         Harm     .   (no ring)
MR       .....                  (no ring)
Stlth    ++++......             (no ring)
HPRegen  0.13/turn              (no ring)
MPRegen  0.13/turn              (no ring)
                                (no ring)
                                (no ring)

@: resistant
A: almost no armour, stealthy swim, amphibious, 8 rings, constrict 8, tentacle
spike 1, thin metallic scales 1, camouflage 1, cold resistance 1, gelatinous
body 1
a: Potion Petition, Call Merchant, Bribe Branch, Renounce Religion


You were on level 3 of the Dungeon.
You worshipped Gozag.
Gozag was aware of your devotion.
You were not hungry.

You visited 1 branch of the dungeon, and saw 5 of its levels.

You collected 389 gold pieces.
You paid 45 gold pieces to Gozag.

Inventory:

Armour
 n - a +0 buckler (worn)
Jewellery
 k - a +5 ring of evasion (left tentacle)
Wands
 h - a wand of random effects (20)
 l - a wand of disintegration (13)
Scrolls
 c - 2 scrolls of enchant weapon {unknown}
 f - a scroll of fog
 g - 2 scrolls of fear {unknown}
 i - 5 scrolls of amnesia
 j - a scroll of blinking {unknown}
 m - a scroll of remove curse {unknown}
Potions
 d - a potion of magic
 q - a potion of flight
Books
 a - a book of Frost

   Spells                             Type                      Level
   a - Freeze                         Ice                          1
   b - Throw Frost                    Conjuration/Ice              2
   c - Ozocubu's Armour               Charms/Ice                   3
   d - Throw Icicle                   Conjuration/Ice              4
   e - Summon Ice Beast               Ice/Summoning                4
Comestibles
 b - 3 rations


   Skills:
 - Level 0.2 Fighting
 - Level 2.6 Dodging
 - Level 4.0 Stealth
 - Level 4.8 Shields
 - Level 1.0 Unarmed Combat
 + Level 4.5 Spellcasting
   Level 1.0 Conjurations
 - Level 3.8 Ice Magic


You had 11 spell levels left.
You knew the following spells:

 Your Spells              Type           Power        Failure   Level  Hunger
a - Freeze                Ice            ###.         3%          1    None
b - Ozocubu's Armour      Chrm/Ice       ##......     19%         3    ###....


Dungeon Overview and Level Annotations

Branches:
Dungeon (5/15)             Temple (0/1) D:5

Altars:
Ashenzari
Gozag
Wu Jian
Yredelemnul

Annotations:
D:3 2 transporters
D:4 inc's ghost, amateur OpEE
D:5 Prince Ribbit


Innate Abilities, Weirdness & Mutations

You cannot wear most types of armour.
You are very stealthy in the water. (Stealth+)
You are amphibious.
You can wear up to eight rings at the same time.
You can use your tentacles to constrict eight enemies at once.
Your skin changes colour to match your surroundings (Stealth+).
Your rubbery body absorbs attacks. (AC +1, EV +1)
One of your tentacles bears a spike.
You are partially covered in thin metallic scales. (AC +2)
Your flesh is cold resistant. (rC+)


Message History

You block the rat's attack.
The goblin is distracted by the nearby gold.
The gnoll closely misses you.
The goblin shouts!
The orc shouts!
Your surroundings seem slightly different.
The hobgoblin is distracted by the nearby gold.
The hobgoblin shouts!
Found a pair of boots.
An orc comes into view. It is wielding a club.
Unknown command.
The hobgoblin is no longer distracted by gold.
The goblin is no longer distracted by gold.
The gnoll rages.
You hear a shout!
The rat twitches its whiskers.
The gnoll barely misses you. The gnoll hits you with a halberd!!
Ouch! That really hurt!
You die...
Your body crumbles into a pile of gold.

......#.....########.......#
........o...###............#
.......g#..................#
....####......g..................
.............r..g......##........
.......................##........
..............g........##......##
................g..............+.
................@.)......#.....#.
.................................
..............#$.[...............
.....##...#####..?...............
.... #...# #..................
... #...# #.................. ##
#...# #.................. #...#
######............. #...#
#..ggg........


You could see a gnoll (berserk), an orc, 2 hobgoblins, 2 goblins and a rat.

Vanquished Creatures
  Menkaure (D:4)
  An ice beast (D:5)
  A scorpion (D:4)
  A howler monkey (D:5)
  A hound (D:5)
  Terence (D:2)
  Natasha (thrice) (D:3)
  A worker ant (D:5)
  A hound skeleton (D:5)
  Robin (D:3)
  3 gnolls (D:3)
  4 adders
  A shadow imp (D:5)
  2 oozes
  An adder skeleton (D:3)
  3 worms
  5 dart slugs
  A leopard gecko (D:5)
  4 orcs
  3 bats
  2 giant cockroaches (D:2)
  14 goblins
  7 hobgoblins
  7 jackals
  A quokka (D:5)
  A ball python (D:4)
  4 frilled lizards
  6 kobolds
  A leopard gecko skeleton (D:4)
  9 rats
91 creatures vanquished.

Notes
Turn   | Place    | Note
-------+----------+-------------------------------------------
     0 | D:1      | inc the Octopode Ice Elementalist began the quest for the Orb.
     0 | D:1      | Reached XP level 1. HP: 11/11 MP: 3/3
   326 | D:1      | Reached XP level 2. HP: 16/17 MP: 5/5
  1280 | D:2      | Reached XP level 3. HP: 17/21 MP: 2/6
  1379 | D:2      | Found a shattered altar of Ashenzari.
  1473 | D:2      | Noticed Terence
  1952 | D:2      | Reached XP level 4. HP: 21/27 MP: 0/7
  2233 | D:2      | Killed Terence
  2233 | D:2      | Reached skill level 1 in Unarmed Combat
  2449 | D:3      | Noticed Robin
  2541 | D:3      | Found an opulent altar of Gozag.
  2552 | D:3      | Became a worshipper of Gozag Ym Sagoz the Greedy
  2563 | D:3      | Noticed Natasha
  2579 | D:3      | Killed Natasha
  2579 | D:3      | Reached skill level 1 in Shields
  2579 | D:3      | Reached XP level 5. HP: 22/31 MP: 2/8
  2596 | D:3      | Noticed Natasha
  2602 | D:3      | Killed Natasha
  3143 | D:3      | Learned a level 3 spell: Ozocubu's Armour
  3398 | D:4      | Noticed inc's ghost (amateur OpEE)
  3406 | D:5      | Entered Level 5 of the Dungeon
  3407 | D:5      | Found a staircase to the Ecumenical Temple.
  3421 | D:5      | Reached XP level 6. HP: 28/36 MP: 3/9
  3435 | D:5      | Noticed Prince Ribbit
  3467 | D:4      | Noticed Menkaure
  3483 | D:4      | Killed Menkaure
  3779 | D:4      | Found an ornate altar of the Wu Jian Council.
  4239 | D:5      | Noticed an ice beast
  4278 | D:5      | Gained mutation: You are partially covered in thin metallic scales. (AC +2) [potion of mutation]
  4278 | D:5      | Gained mutation: One of your tentacles bears a spike. [potion of mutation]
  4278 | D:5      | Gained mutation: Your flesh is cold resistant. (rC+) [potion of mutation]
  4307 | D:5      | Killed an ice beast
  4307 | D:5      | Reached XP level 7. HP: 24/41 MP: 10/12
  4614 | D:3      | Found a transporter.
  4614 | D:3      | Found a basalt altar of Yredelemnul.
  4622 | D:3      | Found a transporter.
  4652 | D:3      | Noticed Natasha
  4661 | D:3      | Killed Natasha
  4755 | D:3      | Killed Robin
  4781 | D:3      | Mangled by a gnoll

Skill      XL: |  1  2  3  4  5  6  7 |
---------------+----------------------+-----
Stealth        | 3 4 |  4.0
Unarmed Combat | 1 |  1.0
Shields        | 1 3 4 |  4.8
Spellcasting   | 3 4 |  4.5
Fighting       | |  0.2
Dodging        | |  2.6
Conjurations   | |  1.0
Ice Magic      | |  3.8

Action                   |  1- 3 |  4- 6 |  7- 9 || total
-------------------------+-------+-------+-------++-------
Melee: Unarmed           |    73 |    91 |     9 ||   173
       Constrict         |    22 |    12 |     2 ||    36
       Tentacles         |    12 |    16 |     3 ||    31
       Punch             |       |     1 |     1 ||     2
       Kick              |       |     6 |     1 ||     7
 Cast: Freeze            |    35 |    71 |    30 ||   136
       Ozocubu's Armour  |       |     2 |       ||     2
  Use: Scroll            |       |     9 |     1 ||    10
       Potion            |       |     5 |     1 ||     6
 Stab: Sleeping          |     8 |     7 |       ||    15
  Eat: Chunk             |     3 |       |       ||     3
       Ration            |     1 |     2 |       ||     3
Armor: Skin              |     4 |     9 |     1 ||    14
Dodge: Dodged            |    80 |   112 |    37 ||   229
Block: Buckler           |       |    26 |     9 ||    35
